 Dungeon Crawl Stone Soup version 0.25.0-46-gbd7b0854d2 (webtiles) character file.

Game seed: 136556781662431481

40 Descartes the Scratcher (level 3, -4/17 HPs)
             Began as a Felid Wanderer on July 17, 2020.
             Slain by a worm (10 damage)
             ... on level 2 of the Dungeon.
             The game lasted 00:01:30 (1549 turns).

Descartes the Scratcher (Felid Wanderer)            Turns: 1549, Time: 00:01:30

Health: -4/17      AC:  1    Str:  8    XL:     3   Next: 30%
Magic:  5/5        EV: 15    Int: 13    God:
Gold:   59         SH:  0    Dex: 16    Spells: 2/2 levels left
                                        Lives:  0   Deaths: 0

rFire    . . .     SeeInvis +     - Unarmed
rCold    . . .     Gourm    .   (shield unavailable)
rNeg     . . .     Faith    .   (armour unavailable)
rPois    .         Spirit   .   (helmet unavailable)
rElec    .         Reflect  .   (cloak unavailable)
rCorr    .         Harm     .   (gloves unavailable)
MR       .....                  (boots unavailable)
Stlth    +++.......             (no amulet)
HPRegen  0.05/turn              (no ring)
MPRegen  0.09/turn              (no ring)

@: quick
A: very small, no armour, no weapons or thrown items, stealth, claws 1, fangs 3,
see invisible, carnivore, speed 1, shaggy fur 1, slow metabolism 1, sharp paws
a: no special abilities


You were on level 2 of the Dungeon.
You were completely stuffed.

You visited 1 branch of the dungeon, and saw 2 of its levels.

You collected 59 gold pieces.

Inventory:

Missiles
 l - 11 arrows
 n - 33 stones
Wands
 d - a wand of random effects (15)
Scrolls
 b - 2 scrolls of blinking
 c - a scroll of teleportation
 e - a scroll of random uselessness {unknown}
 g - a scroll of fog {unknown}
 h - a scroll of fear {unknown}
 j - a scroll of enchant armour {unknown}
 o - a scroll of identify {unknown}
Potions
 a - a potion of haste
 i - a potion of resistance {unknown}
 k - a potion of lignification {unknown}
Comestibles
 f - 3 rations
 m - 6 chunks of flesh


   Skills:
 - Level 3.0 Fighting
 + Level 4.5 Stealth
 - Level 5.0 Unarmed Combat
 - Level 2.1 Evocations


You had 2 spell levels left.
You didn't know any spells.
Your spell library was empty.

Dungeon Overview and Level Annotations

Branches:
Dungeon (2/15)

Altars:


Innate Abilities, Weirdness & Mutations

You cannot wear armour.
You are incapable of wielding weapons or throwing items.
Your paws allow you to move quietly. (Stealth)
You have sharp claws.
You have razor-sharp teeth.
You have supernaturally acute eyesight. (SInv)
You are carnivorous and can eat meat at any time.
You cover ground quickly.
You are covered in fur. (AC +1)
You have a slow metabolism.
Your sharp claws are effective at attacking unaware monsters.


Message History

The goblin shouts!
The goblin moves out of view.
Found 16 bolts.
A worm comes into view.
Found a green potion.
The goblin barely misses you.
You scratch the goblin. You bite the goblin.
You kill the goblin!
You see here a +0 dagger.
The worm bites you!
Ouch! That really hurt!
You are too injured to fight recklessly!
You are too injured to fight recklessly!
You are too injured to fight recklessly!
The worm closely misses you.
You barely miss the worm. You scratch the worm but do no damage.
You bite the worm, but do no damage. The worm bites you!
Ouch! That really hurt!
You die...

.... #####
...... #...#
...... #.#.#
......######.#.#
......!......#.#
.........)...#.#
..#..........#.#
..........(..#.#
#......@w....#.#
.............#.#
......######.#.#
...... .#.#
..... .#.# .....
#.# .... #.#
.... #.# #.#


You could see a worm.

Vanquished Creatures
  2 dart slugs (D:1)
  2 giant cockroaches
  4 goblins
  6 hobgoblins (D:1)
  8 jackals (D:1)
  3 bats (D:1)
  2 kobolds (D:1)
  3 rats (D:1)
30 creatures vanquished.

Notes
Turn   | Place    | Note
-------+----------+-------------------------------------------
     0 | D:1      | Descartes the Felid Wanderer began the quest for the Orb.
     0 | D:1      | Descartes set off with the following items: a potion of
                  | haste, a scroll of blinking, a scroll of teleportation, a
                  | wand of random effects (15), a ration
     0 | D:1      | Reached XP level 1. HP: 10/10 MP: 3/3
   102 | D:1      | Reached skill level 1 in Stealth
   255 | D:1      | Reached XP level 2. HP: 14/14 MP: 4/4
   999 | D:1      | Reached XP level 3. HP: 17/17 MP: 5/5
  1549 | D:2      | Slain by a worm

Illustrated notes

Levels and vault maps discovered:
D:1:      psy_arrival_conway, layout_loops_corners, hangedman_decor_growths,
          minmay_split_cup_small
D:2:      layout_basic, kennysheep_generic_room_2, uniq_jessica

Skill      XL: |  1  2 |
---------------+-------+-----
Stealth        | 2 4 |  4.5
Fighting       | |  3.0
Unarmed Combat | |  5.0
Evocations     | |  2.1

Action                   || total
-------------------------++-------
Melee: Unarmed           ||    62
       Bite              ||     4
       Punch             ||     1
 Stab: Sleeping          ||    12
  Eat: Chunk             ||     8
Armor: Skin              ||     2
Dodge: Dodged            ||    31
